 Dungeon Crawl Stone Soup version 0.18-a0-1078-gebb93d0 (webtiles) character file.

14808 esc the Fighter (level 12, 0/110 HPs)
             Began as a Hill Orc Fighter on Jan 14, 2016.
             Was a High Priest of Okawaru.
             Slain by a wolf spider (7 damage)
             ... on level 3 of the Lair of Beasts.
             The game lasted 00:32:59 (10188 turns).

esc the Fighter (Hill Orc Fighter)                 Turns: 10188, Time: 00:33:00

Health: 0/110      AC: 14    Str: 22    XL:     12   Next: 20%
Magic:  19/19      EV: 16    Int:  8    God:    Okawaru [*****.]
Gold:   590        SH:  0    Dex: 18    Spells: 0 memorised, 11 levels left

rFire  . . .     SeeInvis .     B - +3 great sword (elec)
rCold  + . .     Gourm    .     i - +0 ring mail (curse)
rNeg   + . .     Faith    .     (shield currently unavailable)
rPois  .         Spirit   .     b - +2 helmet of Yxulargh {rN+ Regen+ Str+2}
rElec  .         Dismiss  .     n - +1 cloak
rCorr  .         Reflect  .     (no gloves)
SustAt .         Harm     .     E - +0 pair of boots
MR     .....                    l - amulet of regeneration {+regen, !d}
Stlth  +.........               I - ring of protection from cold {rC+, !d}
                                m - +4 ring of dexterity

@: not resistant to hostile enchantments, very unstealthy
A: no striking features
a: Heroism, Finesse, Renounce Religion


You were on level 3 of the Lair of Beasts.
You worshipped Okawaru.
Okawaru was extremely pleased with you.
You were very hungry.

You visited 4 branches of the dungeon, and saw 15 of its levels.
You also visited: Sewer and Ossuary.

You collected 590 gold pieces.

Inventory:

Hand Weapons
 a - a +0 long sword
 B - a +3 great sword of electrocution (weapon)
   (You found it on level 3 of the Dungeon)
Missiles
 p - 4 silver tomahawks
 s - 15 tomahawks (quivered)
 x - 65 poisoned needles
Armour
 b - the +2 helmet of Yxulargh (worn) {rN+ Regen+ Str+2}
   (You found it on level 1 of the Lair of Beasts)

   It affects your strength (+2).
   It protects you from negative energy.
   It increases your rate of regeneration.
 c - a +0 shield
 i - a cursed +0 ring mail (worn)
   (You found it on level 8 of the Dungeon)
 n - a +1 cloak (worn)
   (You took it off Crazy Yiuf on level 2 of the Dungeon)
 E - a +0 pair of boots (worn)
   (You found it on level 4 of the Dungeon)
Jewellery
 l - an amulet of regeneration (around neck) {+regen, !d}
   (You found it on level 1 of the Dungeon)
 m - a +4 ring of dexterity (left hand)
   (You found it on level 4 of the Dungeon)
 I - a ring of protection from cold (right hand) {rC+, !d}
   (You found it on level 5 of the Dungeon)
 T - an uncursed amulet of faith {Faith, !P}
   (You found it on level 3 of the Lair of Beasts)
Wands
 o - a wand of random effects (22/48)
   (You took it off Crazy Yiuf on level 2 of the Dungeon)
 t - a wand of flame (27/48)
   (You took it off Jessica on level 2 of the Dungeon)
 A - a wand of enslavement (9/24)
   (You found it on level 3 of the Lair of Beasts)
 G - a wand of cold (9/15)
   (You found it on level 1 of the Lair of Beasts)
 P - a wand of magic darts (22/48)
   (You found it on level 2 of the Lair of Beasts)
 S - a wand of lightning (4/15)
   (You found it on level 2 of the Lair of Beasts)
Scrolls
 d - 9 scrolls of remove curse
 u - 2 scrolls of fear
 y - 2 scrolls of recharging
 z - 3 scrolls of amnesia
 F - 10 scrolls of teleportation
 J - a scroll of blinking {!r}
 K - 3 scrolls of enchant weapon
 L - 2 scrolls of magic mapping {!r}
 V - a scroll of identify
Potions
 e - 3 potions of magic
 h - 10 potions of curing
 j - 4 potions of ambrosia {!q}
 k - 5 potions of brilliance
 q - a potion of lignification {!q}
 r - a potion of haste
 v - 2 potions of agility
 w - 2 potions of flight
 D - a potion of might
Books
 C - a book of Dreams
   (You found it on level 9 of the Dungeon)
 M - a book of Maledictions
   (You found it on level 7 of the Dungeon)
Comestibles
 f - 13 bread rations {@e1}
 H - 2 royal jellies
 N - 3 meat rations {@e2}
 O - 5 fruits
 Q - a beef jerky
 R - 7 slices of pizza


   Skills:
 + Level 11.1 Fighting
 + Level 10.2 Long Blades
 + Level 10.3 Armour
 + Level 7.4 Dodging
 - Level 4.4 Shields
 + Level 9.6 Invocations


You had 11 spell levels left.
You didn't know any spells.

Dungeon Overview and Level Annotations

Branches:
Dungeon (9/15)             Temple (1/1) D:5            Lair (4/8) D:9
 Shoals (0/4) Lair:3          Orc (1/2) D:9
  Snake: Lair:3-6    Spider: Lair:3-6

Altars:
Ashenzari
Dithmenos
Elyvilon
Fedhas
Gozag
Kikubaaqudgha
Makhleb
Nemelex Xobeh
Okawaru
Pakellas
Ru
Sif Muna
Trog
Xom
Yredelemnul
Zin
The Shining One


Message History

You feel strangely unstable.
You slash the dire elephant! The dire elephant tramples you.
You hold your ground!
The dire elephant misses you.
You take 3 damage, and have 97/110 hp.
You hit the dire elephant. The catoblepas gores you.
The dire elephant tramples you!
You hold your ground!
The dire elephant misses you.
You take 14 damage, and have 83/110 hp.
Your unstable footing causes you to fumble your attack.
The catoblepas gores you but does no damage.
You slice the dire elephant!!
There is a sudden explosion of sparks!
Your surroundings suddenly seem different.
Unknown command.
You feel like a meek peon again.
You are feeling very hungry.
Health restored: 110
There is a stone staircase leading down here.
You climb downwards.
The jumping spider hisses angrily.
The jumping spider leaps!
The wolf spider misses you. The wolf spider bites you!
The redback closely misses you. The wolf spider hits you!!
The wolf spider misses you.
There is a stone staircase leading up, spattered with blood here.
You take 28 damage, and have 82/110 hp.
MASSIVE DAMAGE!!
The wolf spider hits you! The wolf spider misses you. The redback bites you!
The jumping spider leaps!
You climb upwards.
There is a stone staircase leading down here.
You take 14 damage, and have 68/110 hp.
The wolf spider completely misses you.
The wolf spider bites you but does no damage.
The redback bites you.
You are poisoned.
The redback poisons you! The wolf spider closely misses you.
The wolf spider bites you.
You take 7 damage, and have 61/110 hp.
You feel very sick.
You take 3 damage, and have 58/110 hp.
You feel very sick.
You take 2 damage, and have 56/110 hp.
You slice the redback!!
You feel very sick. The redback barely misses you.
The wolf spider closely misses you. The wolf spider completely misses you.
You take 2 damage, and have 54/110 hp.
You are caught in the web!
You feel very sick.
There is a web here.
You take 1 damage, and have 53/110 hp.
You struggle to detach yourself from the web.
You feel very sick.
The wolf spider hits you but does no damage.
The wolf spider bites you.
You take 7 damage, and have 46/110 hp.
The web tears apart.
You feel sick.
The wolf spider hits you but does no damage.
The wolf spider misses you.
You take 1 damage, and have 45/110 hp.
You closely miss the wolf spider.
You feel very sick.
The wolf spider hits you but does no damage.
The wolf spider bites you but does no damage.
The wolf spider hits you but does no damage.
The wolf spider bites you but does no damage.
You take 2 damage, and have 43/110 hp.
You closely miss the wolf spider.
You feel sick.
The wolf spider hits you but does no damage.
The wolf spider bites you. The wolf spider closely misses you. x2
You take 4 damage, and have 39/110 hp.
You slash the wolf spider!
There is a sudden explosion of sparks!
You feel very sick. The wolf spider hits you!
* * * LOW HITPOINT WARNING * * *
The wolf spider barely misses you.
You take 19 damage, and have 20/110 hp.
You closely miss the wolf spider.
You feel sick. The wolf spider barely misses you.
The wolf spider closely misses you. The wolf spider hits you.
* * * LOW HITPOINT WARNING * * *
The wolf spider closely misses you.
You take 5 damage, and have 15/110 hp.
Drink which item? (? for menu, Esc to quit)
You feel better.
The wolf spider hits you but does no damage.
The wolf spider bites you.
* * * LOW HITPOINT WARNING * * *
You regained 9 hp, and now have 24/110 hp.
You closely miss the wolf spider. The wolf spider barely misses you.
The wolf spider misses you. The wolf spider barely misses you.
The wolf spider bites you!
* * * LOW HITPOINT WARNING * * *
You are poisoned.
The wolf spider poisons you!
You take 7 damage, and have 17/110 hp.
Drink which item? (? for menu, Esc to quit)
You feel better. The wolf spider hits you!!
* * * LOW HITPOINT WARNING * * *
The wolf spider bites you!
You die...

#...............##.....♣ ♣♣♣..
#...............#.....♣♣ ♣♣♣
#.....................♣ ♣♣♣♣
#.......#.............♣♣♣♣♣≈≈♣♣
##.....##............♣♣♣≈≈≈≈≈≈≈
#.#....##...........♣♣♣≈≈≈≈≈≈≈≈
##.#..#####.>.......♣ ♣≈≈≈P≈≈≈♣
###### #.#.##s##P## ♣≈♣♣♣♣♣♣#
#####@##### #≈## ### #P≈#####
#≈≈≈≈≈≈## #≈≈≈≈≈≈≈# #≈≈≈##≈≈≈
#≈≈≈###≈≈ ##### ###


You could see a wolf spider.

Vanquished Creatures
  A wolf spider (Lair:3)
  A griffon (Lair:3)
  A manticore (Lair:3)
  5 spiny frogs
  A fire drake (D:9)
  A komodo dragon (Lair:3)
  A jumping spider (Lair:3)
  A polar bear (Lair:4)
  Prince Ribbit (Lair:1)
  7 blink frogs (Lair:1)
  A boulder beetle (Lair:3)
  Sigmund (D:2)
  14 yaks
  A spriggan (Lair:2)
  A human (D:7)
  10 hippogriffs
  10 wolves
  A warg (D:9)
  A water moccasin (Lair:4)
  5 porcupines
  A sky beast (D:9)
  2 ice beasts
  An ogre (D:9)
  2 black bears
  3 centaurs
  6 crocodiles
  2 big kobolds (Sewer)
  3 elf zombies
  6 giant frogs
  3 elf skeletons (D:4)
  A scorpion (D:7)
  2 electric eels (Lair:3)
  3 giant frog zombies
  2 crimson imps (D:6)
  3 human zombies
  A centaur zombie (D:8)
  4 hounds
  3 orc priests
  Crazy Yiuf (D:2)
  A jelly (D:6)
  2 centaur skeletons (D:5)
  2 iguanas
  Jessica (D:2)
  Ijyb (D:2)
  7 orc wizards
  4 worker ants
  A killer bee zombie (D:7)
  10 sheep
  A big kobold zombie (Ossuary)
  2 hound zombies
  4 mummies (Ossuary)
  Robin (D:3)
  14 adders
  17 river rats
  2 shadow imps
  8 oozes
  5 worms
  4 giant geckos
  21 orcs
  8 bats
  4 giant cockroaches
  4 gnoll zombies
  9 goblins
  11 hobgoblins
  8 jackals
  2 quokkas
  4 ball pythons
  3 giant newts
  A goblin zombie (Ossuary)
  14 kobolds
  A kobold zombie (Ossuary)
  An orc zombie (Ossuary)
  A quokka skeleton (D:6)
  A quokka zombie (D:5)
  13 rats
  2 rat zombies (Ossuary)
309 creatures vanquished.

Vanquished Creatures (others)
  An orc (D:9)
  A quokka zombie (D:9)
  A fungus (Lair:3)
  A plant (Lair:1)
  9 toadstools (Lair:3)
13 creatures vanquished.

Grand Total: 322 creatures vanquished

Notes
Turn   | Place    | Note
--------------------------------------------------------------
     0 | D:1      | esc the Hill Orc Fighter began the quest for the Orb.
     0 | D:1      | Reached XP level 1. HP: 19/19 MP: 1/1
   268 | D:1      | Reached XP level 2. HP: 27/27 MP: 2/2
   680 | D:1      | Reached skill level 1 in Dodging
   681 | D:1      | Reached XP level 3. HP: 33/33 MP: 3/3
  1040 | D:2      | Reached skill level 4 in Fighting
  1047 | D:2      | Noticed Ijyb
  1080 | D:2      | Killed Ijyb
  1080 | D:2      | Reached skill level 4 in Armour
  1080 | D:2      | Reached XP level 4. HP: 35/40 MP: 4/4
  1090 | D:2      | Noticed Crazy Yiuf
  1101 | D:2      | Killed Crazy Yiuf
  1246 | D:2      | Reached skill level 3 in Long Blades
  1246 | D:2      | Reached XP level 5. HP: 44/46 MP: 5/5
  1267 | D:2      | Noticed Jessica
  1277 | D:2      | Killed Jessica
  1277 | D:2      | Reached skill level 4 in Shields
  1496 | D:2      | Found a sacrificial altar of Ru.
  1585 | D:2      | Noticed Sigmund
  1593 | D:2      | Killed Sigmund
  1593 | D:2      | Reached skill level 2 in Dodging
  1593 | D:2      | Reached XP level 6. HP: 44/55 MP: 6/6
  1881 | D:3      | Reached skill level 5 in Fighting
  1941 | D:3      | Found a glowing silver altar of Zin.
  1968 | D:3      | Noticed Robin
  1982 | D:3      | Killed Robin
  2068 | D:3      | Reached skill level 4 in Long Blades
  2682 | D:3      | Found a basalt altar of Yredelemnul.
  2949 | D:4      | Reached XP level 7. HP: 61/61 MP: 7/7
  2982 | D:4      | Reached skill level 5 in Armour
  2990 | D:4      | Found a sand-covered staircase.
  3024 | Ossuary  | Entered an ossuary
  3072 | Ossuary  | Reached skill level 3 in Dodging
  3237 | D:4      | Reached skill level 6 in Fighting
  3237 | D:4      | Reached skill level 5 in Long Blades
  3237 | D:4      | Reached XP level 8. HP: 48/70 MP: 8/8
  3595 | D:4      | Reached skill level 6 in Armour
  3901 | D:5      | Entered Level 5 of the Dungeon
  3923 | D:5      | Found a glowing silver altar of Zin.
  3946 | D:5      | Found an opulent altar of Gozag.
  4038 | D:5      | Reached skill level 4 in Dodging
  4119 | D:5      | Reached skill level 7 in Fighting
  4171 | D:5      | Found a staircase to the Ecumenical Temple.
  4180 | Temple   | Entered the Ecumenical Temple
  4233 | Temple   | Became a worshipper of Warmaster Okawaru
  4375 | D:5      | Found a glowing drain.
  4389 | Sewer    | Entered a sewer
  4440 | Sewer    | Reached skill level 6 in Long Blades
  4440 | Sewer    | Reached skill level 1 in Invocations
  4564 | Sewer    | Reached XP level 9. HP: 79/79 MP: 8/10
  4730 | D:5      | Reached skill level 2 in Invocations
  5104 | D:6      | Reached skill level 7 in Armour
  5191 | D:6      | Found a shattered altar of Ashenzari.
  5477 | D:6      | Found a shimmering altar of Xom.
  5478 | D:6      | Found a burning altar of Makhleb.
  5561 | D:6      | Reached * piety under Okawaru
  5789 | D:7      | Reached skill level 3 in Invocations
  5828 | D:7      | Found a bloodstained altar of Trog.
  6285 | D:7      | Reached skill level 8 in Fighting
  6285 | D:7      | Reached skill level 7 in Long Blades
  6285 | D:7      | Reached skill level 5 in Dodging
  6285 | D:7      | Reached skill level 4 in Invocations
  6771 | D:8      | Found a shadowy altar of Dithmenos.
  7122 | D:8      | Reached ** piety under Okawaru
  7332 | D:9      | Found a staircase to the Lair.
  7333 | D:9      | Noticed a fire drake
  7340 | D:9      | Killed a fire drake
  7340 | D:9      | Reached XP level 10. HP: 88/90 MP: 13/13
  7354 | D:9      | Reached skill level 8 in Armour
  7401 | D:9      | Found a staircase to the Orcish Mines.
  7412 | Orc:1    | Entered Level 1 of the Orcish Mines
  7416 | Orc:1    | Noticed a stone giant
  7416 | Orc:1    | Noticed an ettin
  7429 | D:9      | Reached skill level 5 in Invocations
  7489 | D:9      | Noticed a cyclops
  7533 | Lair:1   | Entered Level 1 of the Lair of Beasts
  7568 | Lair:1   | Noticed Prince Ribbit
  7592 | Lair:1   | Reached skill level 9 in Fighting
  7615 | Lair:1   | Reached skill level 8 in Long Blades
  7621 | Lair:1   | Reached *** piety under Okawaru
  7621 | Lair:1   | Reached skill level 6 in Invocations
  7692 | Lair:1   | Reached skill level 6 in Dodging
  7749 | Lair:1   | Got a smoking helmet
  7760 | Lair:1   | Identified the +2 helmet of Yxulargh {rN+ Regen+ Str+2} (You found it on level 1 of the Lair of Beasts)
  7771 | Lair:1   | Noticed a spiny frog
  7784 | Lair:1   | Killed a spiny frog
  7848 | Lair:1   | Killed Prince Ribbit
  7926 | Lair:1   | Reached skill level 9 in Armour
  7926 | Lair:1   | Reached skill level 7 in Invocations
  7926 | Lair:1   | Reached XP level 11. HP: 95/97 MP: 16/16
  7927 | Lair:1   | Reached **** piety under Okawaru
  8045 | Lair:1   | Noticed a seven-headed hydra
  8108 | Lair:2   | Reached skill level 9 in Long Blades
  8319 | Lair:2   | Reached skill level 10 in Fighting
  8601 | Lair:2   | Reached skill level 8 in Invocations
  8864 | Lair:3   | Reached ***** piety under Okawaru
  9092 | Lair:3   | Noticed a seven-headed hydra
  9179 | Lair:4   | Reached skill level 7 in Dodging
  9423 | Lair:4   | Noticed a wolf spider
  9423 | Lair:4   | Noticed a wolf spider
  9448 | Lair:3   | Killed a wolf spider
  9448 | Lair:3   | Reached skill level 10 in Armour
  9448 | Lair:3   | Reached skill level 9 in Invocations
  9460 | Lair:3   | Reached XP level 12. HP: 63/108 MP: 16/18
  9549 | Lair:3   | Reached skill level 10 in Long Blades
  9550 | Lair:3   | Found a staircase to the Shoals.
  9561 | Lair:3   | Reached skill level 11 in Fighting
  9804 | Lair:3   | HP: 25/110 [porcupine's spines (6)]
  9938 | Lair:3   | HP: 12/110 [komodo dragon (22)]
 10084 | Lair:3   | Noticed a catoblepas
 10084 | Lair:3   | Noticed a dire elephant
 10184 | Lair:3   | HP: 20/110 [wolf spider (17)]
 10188 | Lair:3   | HP: 7/110 [wolf spider (19)]
 10188 | Lair:3   | Slain by a wolf spider

Vault maps used:
D:1:      evilmike_arrival_hilbert_curve
D:2:      marbit_many_paths, first_bread, uniq_crazy_yiuf_cottage, uniq_iyjb,
          uniq_sigmund, uniq_jessica
D:3:      kennysheep_big_flooded_room, zin_statuary,
          lemuel_zombie_altar_yredelemnul, uniq_robin
D:4:      nicolae_ossuary_entry_catacombs, kennysheep_generic_room_4
D:5:      nicolae_gozag_cash_rules_everything_around_me, temple_hall,
          basic_altar, portal_sewer_entry_d
D:6:      grunt_temple_overflow_champion_of_chaos, nicolae_ashenzari_panopticon,
          grunt_ministairs_7, hangedman_abyss_or_decor_jellyfish_corner
D:7:      old_standard_altar, grunt_livestock, lemuel_old_faithful
D:8:      lemuel_crystal_altar, grunt_ministairs_14, eino_tiny_chamber
D:9:      cheibrodos_worm_habitat, nicolae_qazlal_eye_of_the_storm,
          fiery_altar_vehumet, minmay_lair_entry_lava
Temple:   minmay_temple_bridge_a_8
Lair:1:   beast_lair_carwin_large_1, serial_bayou_shore_a, uniq_prince_ribbit2
Lair:2:   grunt_forest_large_clearing_hut, serial_bayou_shore_b,
          lemuel_fruit_fields, lemuel_fruit_tree
Lair:3:   gammafunk_lair_enchanted_lake, minmay_shoals_entry_beasts
Lair:4:   spider_nest_entry_funnel_web, grunt_megastairs_1, lemuel_fruit_fields
Orc:1:    uniq_josephine, uniq_snorg
Sewer:    sewer_co_15_rooms
Ossuary:  ossuary_minmay_tomb_2a

Action                   |  1- 3 |  4- 6 |  7- 9 | 10-12 || total
-------------------------+-------+-------+-------+-------++-------
Melee: Long sword        |   127 |   210 |       |       ||   337
       Great sword       |       |    28 |   351 |   374 ||   753
Throw: Tomahawk          |       |       |       |     4 ||     4
Invok: Heroism           |       |       |     1 |     8 ||     9
Evoke: Wand              |       |     4 |       |       ||     4
  Use: Scroll            |     8 |     4 |     7 |     4 ||    23
       Potion            |       |     1 |     2 |     6 ||     9
 Stab: Sleeping          |       |       |       |     1 ||     1
  Eat: Chunk             |     1 |     6 |     9 |     9 ||    25
       Beef jerky        |       |       |     1 |     1 ||     2
       Meat ration       |       |       |     1 |       ||     1

Vault maps used:
D:1:      evilmike_arrival_hilbert_curve
D:2:      marbit_many_paths, first_bread, uniq_crazy_yiuf_cottage, uniq_iyjb,
          uniq_sigmund, uniq_jessica
D:3:      kennysheep_big_flooded_room, zin_statuary,
          lemuel_zombie_altar_yredelemnul, uniq_robin
D:4:      nicolae_ossuary_entry_catacombs, kennysheep_generic_room_4
D:5:      nicolae_gozag_cash_rules_everything_around_me, temple_hall,
          basic_altar, portal_sewer_entry_d
D:6:      grunt_temple_overflow_champion_of_chaos, nicolae_ashenzari_panopticon,
          grunt_ministairs_7, hangedman_abyss_or_decor_jellyfish_corner
D:7:      old_standard_altar, grunt_livestock, lemuel_old_faithful
D:8:      lemuel_crystal_altar, grunt_ministairs_14, eino_tiny_chamber
D:9:      cheibrodos_worm_habitat, nicolae_qazlal_eye_of_the_storm,
          fiery_altar_vehumet, minmay_lair_entry_lava
Temple:   minmay_temple_bridge_a_8
Lair:1:   beast_lair_carwin_large_1, serial_bayou_shore_a, uniq_prince_ribbit2
Lair:2:   grunt_forest_large_clearing_hut, serial_bayou_shore_b,
          lemuel_fruit_fields, lemuel_fruit_tree
Lair:3:   gammafunk_lair_enchanted_lake, minmay_shoals_entry_beasts
Lair:4:   spider_nest_entry_funnel_web, grunt_megastairs_1, lemuel_fruit_fields
Orc:1:    uniq_josephine, uniq_snorg
Sewer:    sewer_co_15_rooms
Ossuary:  ossuary_minmay_tomb_2a

Table legend:
 A = Turns spent in this place as a percentage of turns spent in the entire game.
 B = Non-inter-level travel turns spent in this place as a percentage of non-inter-level travel turns spent in the entire game.
 C = Inter-level travel turns spent in this place as a percentage of turns spent in this place.
 D = Turns resting spent in this place as a percentage of non-inter-level travel turns spent in this place.
 E = Turns spent auto-exploring this place as a percentage of non-inter-level travel turns spent in this place.
 F = Non-inter-level travel turns spent in this place divided by the number of levels of this place that you've seen.
                   A       B       C       D       E      F
               +-------+-------+-------+-------+-------+----------------------
         Total | 100.0 | 100.0 |   0.5 |   0.6 |   9.0 | 186.5
       Dungeon |  60.4 |  60.3 |   0.7 |   0.4 |  10.2 | 212.6
        Temple |   0.5 |   0.4 |   6.7 |   0.0 |  14.3 |  14.0
          Lair |  29.7 |  29.8 |   0.2 |   1.1 |   6.6 | 236.5
  Orcish Mines |   0.4 |   0.4 |   0.0 |   0.0 |   0.0 |  13.0
         Sewer |   5.1 |   5.2 |   0.0 |   0.0 |   6.7 | 164.0
       Ossuary |   3.8 |   3.8 |   0.0 |   0.0 |  10.7 | 121.0
               +-------+-------+-------+-------+-------+----------------------

Table legend:
 A = Kills in this place as a percentage of kills in entire the game.
 B = Kills by you in this place as a percentage of kills by you in the entire game.
 C = Kills by friends in this place as a percentage of kills by friends in the entire game.
 D = Other kills in this place as a percentage of other kills in the entire game.
 E = Experience gained in this place as a percentage of experience gained in the entire game.
 F = Experience gained in this place divided by the number of levels of this place that you have seen.
                   A       B       C       D       E      F
               +-------+-------+-------+-------+-------+----------------------
         Total | 100.0 | 100.0 |  -nan |  -nan | 100.0 | 1244.4
       Dungeon |  58.9 |  58.9 |  -nan |  -nan |  23.0 | 541.1
          Lair |  30.4 |  30.4 |  -nan |  -nan |  74.0 | 3914.8
         Sewer |   5.5 |   5.5 |  -nan |  -nan |   1.3 | 270.0
       Ossuary |   5.2 |   5.2 |  -nan |  -nan |   1.7 | 356.0
               +-------+-------+-------+-------+-------+----------------------
